Cogmind - Beta 15 @@@ ROGUE MODE // 2025.05.27 @ 16:12:27 Player: H3-RMN Result: Destroyed by D-53 Grenadier with Mini Grenade Launcher Performance ------------- Evolutions (0) 0 Regions Visited (4) 800 Robots Destroyed (23) 115 Value Destroyed (389) 389 Prototype IDs (37) 740 Alien Tech Used (0) 0 Bonus (248) 248 TOTAL SCORE: 2292 Bonus ------- Aligned with FarCom 300 Friendly Fire -52 Cogmind --------- Core Integrity 0/250 Matter 290/300 Energy 99/100 System Corruption 6% Temperature Cool (0) Movement Rolling (125) Ox3 Location -9/Mines Parts ------- > --- POWER (1) -------- (None) > --- PROPULSION (2) --- Wheel > --- UTILITY (2) ------ High-capacity Storage Unit > --- WEAPON (2) ------- (None) > --- INVENTORY (20) --- Improved Treads Improved Treads Improved Treads Compact Wheel Flying Fortress v7 Huge Storage Unit Lightpack 2.0 Transport Network Coupler Hardened Light Armor Plating Hardened Light Armor Plating Hardened Light Armor Plating PSU Rigger EM Pulse Gun Grenade Launcher Peak State ------------ > --- POWER ------------ Light Ion Engine > --- PROPULSION ------- Improved Treads Improved Treads > --- UTILITY ---------- High-capacity Storage Unit Targeting Computer > --- WEAPON ----------- Light Assault Rifle Light Assault Rifle > --- INVENTORY -------- Improved Treads Improved Treads Wheel Compact Wheel Flying Fortress v7 Large Storage Unit Huge Storage Unit Lightpack 2.0 Transport Network Coupler Hardened Light Armor Plating Hardened Light Armor Plating Hardened Light Armor Plating EM Pulse Gun Grenade Launcher Grenade Launcher [Rating: 17] Favorites ----------- Power Light Ion Engine Engine Light Ion Engine Propulsion Improved Treads Treads Improved Treads Wheel Compact Wheel Utility High-capacity Storage Unit Device Improved Terrain Scanner Storage High-capacity Storage Unit Processor Targeting Computer Weapon Light Assault Rifle Energy Gun EM Pulse Gun Ballistic Gun Light Assault Rifle Launcher Grenade Launcher Special Melee Weapon Datajack Build | -11 -10 -10 -10 -9 ------- Run | Yrd Mat Min Exi Min Slots Evolved . | . . . . . Power . | . . . . . Propulsion . | . . . . . Utility . | . . . . . Weapon . | . . . . . Parts Attached 21 | 7 9 3 1 1 Power 4 | 1 1 2 . . Engine 4 | 1 1 2 . . Core . | . . . . . Reactor . | . . . . . Propulsion 5 | 2 2 . . 1 Treads 3 | 1 2 . . . Leg . | . . . . . Wheel 2 | 1 . . . 1 Hover . | . . . . . Flight . | . . . . . Utility 5 | 2 3 . . . Device 2 | 1 1 . . . Storage 2 | 1 1 . . . Processor 1 | . 1 . . . Hackware . | . . . . . Protection . | . . . . . Artifact . | . . . . . Weapon 7 | 2 3 1 1 . Energy Gun 3 | 1 2 . . . Energy Cannon . | . . . . . Ballistic Gun 2 | 1 . 1 . . Ballistic Cannon . | . . . . . Launcher 1 | . 1 . . . Special Weapon . | . . . . . Impact Weapon . | . . . . . Slashing Weapon . | . . . . . Piercing Weapon . | . . . . . Special Melee Weapon 1 | . . . 1 . Unidentified Prototypes . | . . . . . Parts Lost 7 | . . 2 . 5 Power 2 | . . 1 . 1 Propulsion 1 | . . . . 1 Utility 1 | . . . . 1 Weapon 3 | . . 1 . 2 Highest Loss Streak 5 | . . 2 . 5 To Critical Strikes . | . . . . . Average Backups 16 | 2 15 19 17 14 Power . | . 1 1 . . Propulsion 5 | 1 4 7 6 5 Utility 5 | . 4 6 6 7 Weapon 4 | 1 4 4 4 2 Tool/Special . | . . . . . Unused Backups 20 | . 3 1 4 12 Power . | . . . . . Propulsion 6 | . . . 2 4 Utility 11 | . 2 1 1 7 Weapon 3 | . 1 . 1 1 Tool/Special . | . . . . . Average Slot Usage (%) 99 | . 100 99 100 96 Engine 13 | . 14 13 14 12 Treads 24 | . 17 28 28 26 Wheel 3 | . 10 . . 1 Device 1 | . 2 . . . Storage 14 | . 14 14 14 14 Processor 12 | . 11 14 14 12 Energy Gun 15 | . 24 18 . . Ballistic Gun 10 | . 2 9 20 24 Special Melee Weapon 1 | . . . 7 . Peak Build Rating 17 | 7 11 11 17 17 Average Rating 11 | 5 8 10 13 16 On Entrance 9 | . 7 11 11 17 Naked Turns . | . . . . . Heaviest Build 48 | 11 48 47 45 47 Greatest Support 46 | 20 46 46 46 46 Greatest Overweight (x) 4 | 1 2 1 . 4 Average Overweight (x) . | . 1 . . . Largest Inventory Capacity 20 | 8 20 20 20 20 Average Capacity 19 | 7 19 20 20 20 Most Carried 20 | 7 20 20 20 20 Average Carried 17 | 3 15 19 19 19 Final Capacity 20 | 8 20 20 20 20 Final Carried 20 | 7 20 19 20 19 Class Distribution -------------------- 100% | Mutant Dominant Class ---------------- Mutant | -10/Materials Mutant | -10/Mines Mutant | -10/Exiles Mutant | -9/Mines Resources | -11 -10 -10 -10 -9 ----------- Run | Yrd Mat Min Exi Min Matter Collected 559 | 275 156 50 20 58 Remotely 63 | 63 . . . . Salvage Created 741 | 110 354 245 . 32 Parts 46 | 5 24 12 . 5 Haulers Intercepted 2 | . 2 . . . Recyclers Shooed 1 | 1 . . . . Parts Field Recycled . | . . . . . Retrieved Matter . | . . . . . Parts Self-Destructed . | . . . . . Prevented . | . . . . . Kills | -11 -10 -10 -10 -9 ------- Run | Yrd Mat Min Exi Min Combat Hostiles Destroyed 17 | . 8 7 . 2 Guns 13 | . 6 7 . . AOE 4 | . 2 . . 2 Classes Destroyed 7 | 2 4 . . 1 Tunneler 2 | 1 . . . 1 Hauler 2 | . 2 . . . Recycler 2 | 1 1 . . . Watcher 1 | . 1 . . . Swarmer 10 | . 6 3 . 1 Grunt 6 | . 2 4 . . Assembled 1 | . . . . 1 Best Kill Streak 4 | 2 4 3 . 1 Combat Bots Only 3 | . 3 3 . 1 Max Kills in Single Turn 1 | 1 1 1 . 1 Gunslinging . | . . . . . Exploded 1 | . 1 . . 1 Melee . | . . . . . Uniques/NPCs Destroyed . | . . . . . Combat | -11 -10 -10 -10 -9 -------- Run | Yrd Mat Min Exi Min Hostile Shots Fired 91 | . 28 42 . 21 Missed 20 | . 6 12 . 2 Hits 71 | . 22 30 . 19 Melee 4 | . . . . 4 Projectile 67 | . 22 30 . 15 AOE 8 | . . . . 8 Critical Strikes 2 | . . 2 . . Part Disruptions 1 | . . . . 1 Damage Taken 1052 | . 187 348 . 517 Core 264 | . 47 99 . 118 Absorbed by Shields . | . . . . . Core Remaining (%) 100 | 100 . . . . Volleys Fired 64 | 5 25 27 . 7 Largest 2 | 2 2 2 . 2 Hottest 80 | 60 80 80 . 40 Shots Fired 122 | 10 47 54 . 11 Gun 116 | 10 44 54 . 8 Cannon . | . . . . . Launcher 6 | . 3 . . 3 Special . | . . . . . Kinetic 34 | 5 6 15 . 8 Thermal 44 | 5 12 27 . . Explosive 6 | . 3 . . 3 Electromagnetic 38 | . 26 12 . . Robot Hit Streak 14 | 5 8 14 . 11 Robot Miss Streak 4 | 4 3 3 . 1 Penetration Max . | . . . . . Secondary Targets 3 | . 2 1 . . Max Gunslinging Chain 1 | . 1 1 . . Shots Hit Robots 83 | 5 26 41 4 7 Core Hits 41 | 3 17 13 . 8 Critical Kills . | . . . . . Critical Parts Destroyed 1 | . . . . 1 Critical Strikes 1 | . . . . 1 Destroy 1 | . . . . 1 Melee Attacks 4 | . . . 4 . Impact . | . . . . . Slashing . | . . . . . Piercing . | . . . . . Sneak Attacks 4 | . . . 4 . Combat Hostiles . | . . . . . Follow-up Attacks . | . . . . . Damage Inflicted 1270 | 47 436 478 . 309 Guns 893 | 47 315 478 . 53 Cannons . | . . . . . Explosions 377 | . 121 . . 256 Melee . | . . . . . Ramming . | . . . . . Kinetic 195 | 15 27 100 . 53 Thermal 440 | 32 168 240 . . Explosive 284 | . 28 . . 256 Electromagnetic 351 | . 213 138 . . Impact . | . . . . . Slashing . | . . . . . Piercing . | . . . . . Highest Corruption 6 | . . . . 6 Average Corruption 5 | . . . . 5 Corruption Purged . | . . . . . Corruption Blocked . | . . . . . Effects 1 | . . . . 1 Parts Rejected 1 | . . . . 1 Overload Shots . | . . . . . Overflow Damage 18 | . . . . 18 Projectiles . | . . . . . Explosions 18 | . . . . 18 Melee . | . . . . . Knockbacks . | . . . . . Impact . | . . . . . Kinetic . | . . . . . Secondary . | . . . . . Self-Inflicted Damage 39 | . . . . 39 Shots 1 | . . . . 1 Rammed . | . . . . . Targets Rammed . | . . . . . Kicked . | . . . . . Crushed . | . . . . . Highest Temperature 204 | 40 108 204 . . Average Temperature 44 | 19 33 57 . . Received Heat Transfer 230 | . 21 189 . 20 Siege Activations . | . . . . . Martial Activations . | . . . . . Shielding Activations . | . . . . . Robots Disrupted . | . . . . . Combat Hostiles . | . . . . . Robots Corrupted . | . . . . . Combat Hostiles . | . . . . . Parts Fried . | . . . . . Impact Corruptions . | . . . . . Robots Melted . | . . . . . Combat Hostiles . | . . . . . Parts Melted 2 | . . 2 . . Heat Transferred 875 | 75 275 525 . . Parts Sabotaged . | . . . . . Parts Stolen . | . . . . . Parts Stripped . | . . . . . Power Chain Reactions 2 | . 2 . . . Alert | -11 -10 -10 -10 -9 ------- Run | Yrd Mat Min Exi Min Maximum Alert Level . | . . . . . Low Security (%) 100 | 100 100 100 . 100 Level 1 . | . . . . . Level 2 . | . . . . . Level 3 . | . . . . . Level 4 . | . . . . . Level 5 . | . . . . . High Security . | . . . . . Max Security . | . . . . . Peak Influence 84 | 10 84 62 . 39 Initial 9 | . . 9 . . Average 16 | . 24 12 . 6 Influence Increases 588 | 10 341 185 . 52 Destroy 0b10 Robot/C 320 | . 160 140 . 20 Destroy 0b10 Robot/NC 35 | 10 20 . . 5 Destroy Leader 66 | . 36 30 . . Successful Hack 44 | . 44 . . . Select Force Hacks 30 | . 30 . . . Destroy Structure 48 | . 21 . . 27 Lose Combat Pursuer 45 | . 30 15 . . Influence Decreases 588 | 10 317 209 . 52 Entered New Map 15 | . . 15 . . Time Decay 516 | 10 260 194 . 52 Purge Threat 57 | . 57 . . . Squads Dispatched 1 | . 1 . . . Investigation 1 | . 1 . . . Extermination . | . . . . . Reinforcement . | . . . . . Assault . | . . . . . Garrison . | . . . . . Intercept . | . . . . . Searches Triggered . | . . . . . Construction Impeded . | . . . . . Haulers Reinforced . | . . . . . Active Scanning Responses . | . . . . . Cargo Convoy Interrupts . | . . . . . Stealth | -11 -10 -10 -10 -9 --------- Run | Yrd Mat Min Exi Min Distress Signals . | . . . . . Communications Jammed . | . . . . . Distress Signals . | . . . . . Times Spotted 34 | . 13 8 . 13 Peak Tracking Total 7 | . 3 3 . 7 Tactical Retreats 2 | . 1 1 . . Traps | -11 -10 -10 -10 -9 ------- Run | Yrd Mat Min Exi Min Traps Triggered . | . . . . . Indirectly . | . . . . . Trap Hack Attempts . | . . . . . Triggered . | . . . . . Disarmed . | . . . . . Reprogrammed . | . . . . . Reused . | . . . . . Traps Extracted . | . . . . . Installed . | . . . . . Triggered . | . . . . . Machines | -11 -10 -10 -10 -9 ---------- Run | Yrd Mat Min Exi Min Machines Disabled . | . . . . . Max in Single Turn . | . . . . . Machines Repaired . | . . . . . Machines Dismantled . | . . . . . Machines Sabotaged . | . . . . . Overloaded Fab Kills . | . . . . . Hacking | -11 -10 -10 -10 -9 --------- Run | Yrd Mat Min Exi Min Machines Accessed 12 | . 10 . 2 . Terminals 7 | . 7 . . . Fabricators . | . . . . . Repair Stations 1 | . 1 . . . Recycling Units 2 | . 2 . . . Scanalyzers . | . . . . . Garrison Access . | . . . . . Total Hacks 40 | . 35 . 5 . Successful 21 | . 16 . 5 . Failed 19 | . 19 . . . Catastrophic 2 | . 2 . . . Database Lockouts . | . . . . . Manual 21 | . 20 . 1 . Terminals 29 | . 29 . . . Fabricators . | . . . . . Repair Stations 3 | . 3 . . . Recycling Units 3 | . 3 . . . Scanalyzers . | . . . . . Garrison Access . | . . . . . Terminal Hacks 11 | . 6 . 5 . Record 4 | . . . 4 . Part Schematic 1 | . 1 . . . Robot Analysis 2 | . 2 . . . Terminal Index 1 | . 1 . . . Unreport Threat 1 | . 1 . . . Locate Traps 1 | . 1 . . . Proto ID Catalog 1 | . . . 1 . Fabricator Hacks . | . . . . . Repair Station Hacks 1 | . 1 . . . Refit 1 | . 1 . . . Recycling Unit Hacks 2 | . 2 . . . Report Inventory 2 | . 2 . . . Scanalyzer . | . . . . . Garrison Access Hacks . | . . . . . Unauthorized Hacks 7 | . 7 . . . Terminals 6 | . 6 . . . Botnet 1 | . 1 . . . Skim 5 | . 5 . . . Fabricators . | . . . . . Repair Stations . | . . . . . Recycling Units 1 | . 1 . . . Tunnel 1 | . 1 . . . Scanalyzers . | . . . . . Garrison Access . | . . . . . Data Cores Recovered . | . . . . . Used . | . . . . . Hacking Detections 8 | . 8 . . . Full Trace Events . | . . . . . Feedback Events . | . . . . . Feedback Blocked . | . . . . . Robot Schematics Acquired . | . . . . . Robots Built . | . . . . . Authchips . | . . . . . Time . | . . . . . Total Robot Build Rating . | . . . . . Part Schematics Acquired 1 | . 1 . . . Parts Built . | . . . . . Authchips . | . . . . . Time . | . . . . . Total Part Build Rating . | . . . . . Parts Repaired . | . . . . . Time . | . . . . . Parts Recycled . | . . . . . Recycled Matter . | . . . . . Retrieved Matter . | . . . . . Retrieved Components . | . . . . . Parts Scanalyzed . | . . . . . Part Schematics Acquired . | . . . . . Parts Damaged . | . . . . . Bothacking | -11 -10 -10 -10 -9 ------------ Run | Yrd Mat Min Exi Min Used RIF Installer . | . . . . . Robots Hacked 4 | . . . 4 . Non-combat 3 | . . . 3 . Combat 1 | . . . 1 . Robot Hacks Applied 4 | . . . 4 . parse_system 4 | . . . 4 . Relay Couplers Released . | . . . . . Fabnet Peak Effective % . | . . . . . Robots Rewired . | . . . . . Allies Hacked . | . . . . . Hacks Repelled . | . . . . . Allies | -11 -10 -10 -10 -9 -------- Run | Yrd Mat Min Exi Min Total Allies 1 | . . . . 1 Largest Group 1 | . . . . 1 Highest-Rated Group 31 | . . . . 31 Highest-Rated Ally 31 | . . . . 31 Total Orders . | . . . . . Ally Attacks 3 | . . . . 3 Total Damage . | . . . . . Kills . | . . . . . Allies Corrupted . | . . . . . Allies Melted . | . . . . . Intel | -11 -10 -10 -10 -9 ------- Run | Yrd Mat Min Exi Min Active Infowar (turns) 196 | . 196 . . . Terrain 196 | . 196 . . . Robot Analysis Total 2 | . 2 . . . Derelict Logs Recovered 3 | . . 3 . . Drone Launches . | . . . . . Drone Recoveries . | . . . . . Exploration | -11 -10 -10 -10 -9 ------------- Run | Yrd Mat Min Exi Min Turns Passed 2968 | 83 1029 1098 481 277 Spaces Moved 1680 | 50 575 608 292 155 Core 4 | 4 . . . . Treads 1175 | 2 141 608 292 132 Legs . | . . . . . Wheels 501 | 44 434 . . 23 Hover . | . . . . . Flight . | . . . . . Fastest Speed 50 | 50 100 160 160 125 Average Speed 152 | 99 137 163 160 164 Slowest Speed 320 | 160 320 240 160 240 Overloaded Moves . | . . . . . Propulsion Burnouts . | . . . . . Robots Hopped . | . . . . . Potential Cave-ins . | . . . . . Cave-ins Triggered . | . . . . . Exploration Rate (%) 57 | 4 86 91 65 40 Regions Visited 4 Branch Regions 3 Pre-discovered Areas 6 | . 2 2 1 1 Known Exits Taken 1 | . 1 . . . Unknown Exits Taken 3 | 1 . 1 1 . Scrap Searched 2 | . . 1 . 1 Spaces Dug 44 | . 15 . . 29 Terrain Destroyed 56 | . 27 . . 29 Melee . | . . . . . Projectile . | . . . . . AOE 56 | . 27 . . 29 Terrain Rammed . | . . . . . Walls Destroyed . | . . . . . Machines Disabled . | . . . . . Actions | -11 -10 -10 -10 -9 --------- Run | Yrd Mat Min Exi Min Total 1973 | 70 765 664 307 167 Wait 155 | 2 130 22 . 1 Move 1676 | 49 574 607 291 155 Hop . | . . . . . Pick Up 27 | 7 16 1 3 . Fast Attach 11 | 7 2 2 . . Attach 3 | . . 1 1 1 Detach . | . . . . . Swap 15 | . 10 1 1 3 Drop 18 | . 8 3 7 . Fire 64 | 5 25 27 . 7 Melee 4 | . . . 4 . Ram . | . . . . . Kick . | . . . . . Crush . | . . . . . Escape Stasis . | . . . . . Rewire . | . . . . . Trap . | . . . . . Miscellaneous . | . . . . . Route ------- -11/Scrapyard -10/Materials (discovered 5 exits: *Mat x3 / *Min / Sub) -10/Mines (discovered 4 exits: *Mat x2 / *Exi / Sub) -10/Exiles (discovered 2 exits: [*Min x2]) -9/Mines (discovered 2 exits: [*Mat x2]) History --------- Turn | Location | Event 12 | -11/Scrapyard | Discovered new exit (range 15) 84 | -11/Scrapyard | Entered Materials 192 | -10/Materials | Discovered new exit (range 15) 312 | -10/Materials | Build established: Mutant 552 | -10/Materials | Learned Recycling recycling unit intel 588 | -10/Materials | Learned 2 Mines zone layouts 615 | -10/Materials | Learned Storage trap positions 632 | -10/Materials | Learned location of 2 exits from Mines 642 | -10/Materials | Identified exit to Mines 642 | -10/Materials | Identified exit to Materials 642 | -10/Materials | Identified exit to Subcaves 654 | -10/Materials | Learned 4 Subcaves zone layouts 677 | -10/Materials | Learned Storage security intel 755 | -10/Materials | Learned 2 Storage zone layouts 1031 | -10/Materials | Discovered exit to Materials (range 8) 1113 | -10/Materials | Entered Mines 1347 | -10/Mines | Learned location of 2 exits from Materials 1418 | -10/Mines | Deemed a non-threat by the Exiles lab entrance 1419 | -10/Mines | Discovered new exit (range 5) 1615 | -10/Mines | Learned location of Zion (-7) 1799 | -10/Mines | Core integrity fell below 50% 1875 | -10/Mines | Discovered exit to Materials (range 5) 2211 | -10/Mines | Entered Exiles 2237 | -10/Exiles | Discovered new exit (range 15) 2255 | -10/Exiles | Met 8R-AWN 2282 | -10/Exiles | Met EX-HEX 2344 | -10/Exiles | Met EX-DEC 2419 | -10/Exiles | Met EX-BIN 2443 | -10/Exiles | Aligned with FarCom system 2445 | -10/Exiles | Given EX-Vault access code 2483 | -10/Exiles | Opened EX-Vault 2498 | -10/Exiles | Found Flying Fortress v7 2502 | -10/Exiles | Found Lightpack 2.0 2510 | -10/Exiles | Found PSU Rigger 2545 | -10/Exiles | Warned to stay clear of 0b10 Research branches 2676 | -10/Exiles | Discovered new exit (range 12) 2692 | -10/Exiles | Stole three prototypes: Flying Fortress v7, Lightpack 2.0, PSU Rigger 2692 | -10/Exiles | Entered Mines 2718 | -9/Mines | Discovered new exit (range 10) 2773 | -9/Mines | Discovered new exit (range 7) 2784 | -9/Mines | Escorted by a lone wolf Derelict 2804 | -9/Mines | Learned location of Storage (-8) 2891 | -9/Mines | Assembled infested the area 2896 | -9/Mines | Assisted by a Guerilla fighting off Assembled 2966 | -9/Mines | Core integrity fell below 20% 2969 | -9/Mines | Destroyed by D-53 Grenadier with Mini Grenade Launcher Last Messages --------------- 02938_ Lgt. Ion Engine destroyed. 02938_ System corrupted by crushing effect (+1). 02938_ Knocked back. 02940_ Destroyed Asb. Hover Unit. 02940_ as-16675 destroyed. 02940_ as-25543 destroyed. 02941_ as-43936 destroyed. 02941_ as-86859 destroyed. 02942_ as-17233 destroyed. 02944_ U-05 Engineer lays Concrete. 02945_ The unstable cave ceiling collapses. 02945_ U-05 Engineer lays Concrete. 02948_ The unstable cave ceiling collapses. 02952_ K-01 Serf collects debris. 02960_ The unstable cave ceiling collapses. 02963_ System corrupted: Grenade Launcher rejected. 02963_ K-01 Serf collects debris. 02963_ Lgt. Assault Rifle destroyed. 02965_ Imp. Treads destroyed. 02965_ T-07 Excavator destroyed. Map ----- +----------------------------------------------------+ | ?????###### #????????## ##?????# #???????? | | ##????????# ##????# #?????### | | ??########## ###??????????# ##???# #???## # | | ???????????# ##?????????????# ##??# #???# | | ???????????# ????????????## ##?# #???# | | ???????????# ! ####???# ##### #?# #???# < | | ???????????# ! ???# #?# #??## | | ???????????# % ???######## #### #### # | | ?????????### ! #####?????## ###### ## #? | | ????????## [ = #??????# ##### ##? | | ?# ###### #??????# % #?? | | ?# = #??????######## #?? | | ?######## #?????????????#### ##?? | | ????????# = # #????????????????######??? | | ????????# # # #????????????????????????? | | ????????## # ## # #????????????????????????? | | ?????????### ### ##????????????????????????? | | ????????????# # ##????????????????????????? | | ?????????####| ## ad #????????????????????????? | | ?????????# %! # #????????????????????????? | | ?????????# ! ## ##???????????????????????? | | ?????????# *##### #???????????#???????????? | | ?????????# %????# ##??????? #???????????? | | ?????????# ????# ##??? ????????????? | | ?????????# ?????## ## $ #???????????????? | | ?????????# ??????# !@ #?????????????????? | | ?????????# ??????# ##?????????????????? | | ????????? ???????# #####??????????????????? | | ????????? ???????# #??????????????????????? | | ????????#????????# ###??????????????????????? | | ?????????????????## ##????????????????????????? | | ??????????????????## ###?????????????????????????? | | ???????????????????# ???????????????????????????? | | ???????????????????###???????????????????????????? | | ?????????????????????????????????????????????????? | | ?????????????????????????????????????????????????? | | ?????????????????????????????????????????????????? | | ?????????????????????????????????????????????????? | | ?????????????????????????????????????????????????? | | ??????????????????????????????????g??????????????? | | ???????????????????????????????g?????????????????? | | ?????????????????????????????????????????????????? | | ?????????????????????????????????????????????????? | | ?????????????????????????????????????????????????? | | ?????????????????????????????????????????????????? | | ?????????????????????????????????????????????????? | | ?????????????????????????????????????????????????? | | ?????????????????????????????????????????????????? | | ?????????????????????????????????????????????????? | | ?????????????????????????????????????????????????? | +----------------------------------------------------+ Best States ------------- Heat Dissipation 25 Energy Generation 10 Energy Capacity 250 Matter Stores 300 Matter Capacity 300 Sight Range 16 Terrain Scan Range 16 Terrain Scan Density 10 Evasion (%) 40 Targeting Accuracy 5 Recoil Reduction 2 Item Schematics ----------------- Huge Storage Unit | -10/Materials | Hacked Robot Schematics ------------------ None Fabricated ------------ Nothing Repaired ---------- Nothing Alien Tech Used ----------------- None Achievements -------------- None Challenges ------------ None Game ------ Seed DataDeflectorTube Manual? 0 Play Time 00:18:32 Cumulative 729.9 hours Start 2025.05.27 @ 15:56:05 End 2025.05.27 @ 16:12:27 Sessions 1 Manual Loads 0 Difficulty Rogue Special Mode None Game No. 275 Rogue 271 Adventurer 4 Explorer 0 Win Type - Total 11 Types 6/1/1/1/0/1/0/0/0/1 Lore% 94 Gallery% 89 Achievement% 87 Wizard Run 0 Options --------- Layout 0 ASCII 0 Keyboard 0 Movement Numpad Keybinds 0 Fullscreen 2 Font 18/CogNarrow Map View 76x50 Zoom Use 0% Tactical HUD 1 Map Filters NONE Filters NONE Steam 1 RUN: 9642a975-c9dc-476d-bdfa-f3a38fdbd513